 Dungeon Crawl Stone Soup version 0.23.2-1-ga50397a6bc (webtiles) character file.

Game seed: 8764664593559611722

48272 Peloso the Fencer (level 14, -6/126 HPs)
             Began as a Minotaur Fighter on May 28, 2019.
             Was the Champion of Okawaru.
             Mangled by a death yak (8 damage)
             ... while petrified by you
             ... on level 6 of the Lair of Beasts.
             The game lasted 00:54:43 (21708 turns).

Peloso the Fencer (Minotaur Fighter)               Turns: 21708, Time: 00:54:43

Health: -6/126     AC: 17    Str: 23    XL:     14   Next: 11%
Magic:  22/22      EV:  2    Int:  7    God:    Okawaru [******]
Gold:   686        SH:  0    Dex: 13    Spells: 13/13 levels left

rFire    . . .     SeeInvis .   b - +1 scimitar (flame)
rCold    + . .     Gourm    .   c - +0 shield
rNeg     + + +     Faith    .   o - +1 chain mail {rPois}
rPois    ∞         Spirit   .   R - +0 hat {MR+}
rElec    +         Reflect  .   F - +0 cloak
rCorr    .         Harm     .   (no gloves)
MR       +++..                  E - +0 pair of boots of Loss {rElec MP+9}
Stlth    ..........             K - amulet of the acrobat
HPRegen  0.31/turn              I - ring of protection from magic
MPRegen  0.18/turn              G - ring of Izozarche {rC+ rN+ Int+2}

@: petrified
A: retaliatory headbutt, horns 2
a: Heroism, Finesse, Renounce Religion


You were on level 6 of the Lair of Beasts.
You worshipped Okawaru.
Okawaru was exalted by your worship.
You were not hungry.

You visited 3 branches of the dungeon, and saw 19 of its levels.

You collected 1173 gold pieces.
You spent 487 gold pieces at shops.

Inventory:

Hand Weapons
 a - a +3 vampiric double sword
 b - a +1 scimitar of flaming (weapon)
Armour
 c - a +0 shield (worn)
 o - a +1 chain mail of poison resistance (worn)
 E - the +0 pair of boots of Loss (worn) {rElec MP+9}
   (You found it on level 6 of the Dungeon)

   It insulates you from electricity.
   It affects your magic capacity (+9).
 F - a +0 cloak (worn)
 Q - a +0 chain mail of cold resistance
 R - a +0 hat of magic resistance (worn)
 S - a +2 pair of boots of stealth
 V - +0 acid dragon scales
Jewellery
 m - an uncursed ring of protection from magic
 G - the ring of Izozarche (right hand) {rC+ rN+ Int+2}
   (You found it on level 7 of the Dungeon)

   [ring of positive energy]

   It affects your intelligence (+2).
   It protects you from cold.
   It protects you from negative energy.
 I - a ring of protection from magic (left hand)
 J - an uncursed ring of ice
 K - an amulet of the acrobat (around neck)
Wands
 s - a wand of paralysis (7)
 u - a wand of digging (22)
 y - a wand of iceblast (8)
 P - a wand of flame (22)
 T - a wand of polymorph (10)
Scrolls
 e - a scroll of fear
 h - 3 scrolls of amnesia
 i - a scroll of enchant armour
 j - 9 scrolls of teleportation
 k - 4 scrolls of blinking
 p - a scroll of enchant weapon
 q - a scroll of identify
 r - 11 scrolls of remove curse
 x - 6 scrolls of magic mapping
 C - a scroll of noise
Potions
 d - a potion of resistance
 g - 7 potions of flight
 l - 4 potions of curing
 v - 3 potions of agility
 w - a potion of experience
 z - 2 potions of magic
 A - 6 potions of brilliance
 B - 2 potions of might
 D - a potion of ambrosia
 H - 4 potions of heal wounds
 N - 3 potions of invisibility
 O - a potion of berserk rage
 W - a potion of haste
Miscellaneous
 n - a phial of floods
 t - a phial of floods
 U - a fan of gales
Comestibles
 f - 34 rations
 L - 7 chunks of flesh


   Skills:
 + Level 12.2 Fighting
 + Level 15.4 Long Blades
 + Level 14.2 Armour
 + Level 6.6 Dodging
 + Level 2.0 Stealth
 + Level 14.7 Shields
 + Level 0.2 Invocations
 + Level 1.0 Evocations


You had 13 spell levels left.
You didn't know any spells.
Your spell library contained the following spells:

 Spells                   Type           Power        Failure   Level  Hunger
 Confusing Touch          Hex            #.....       91%         1    ##.....
 Infusion                 Chrm           #...         91%         1    ##.....
 Magic Dart               Conj           #...         91%         1    ##.....
 Summon Small Mammal      Summ           #...         91%         1    ##.....
 Blink                    Tloc           N/A          97%         2    ###....
 Call Imp                 Summ           #.......     97%         2    ###....
 Searing Ray              Conj           #.....       97%         2    ###....
 Shroud of Golubria       Chrm/Tloc      #.........   97%         2    ###....
 Slow                     Hex            #.......     97%         2    ###....
 Song of Slaying          Chrm           #.......     97%         2    ###....
 Call Canine Familiar     Summ           #.......     100%        3    ####...
 Confuse                  Hex            #.......     100%        3    ####...
 Conjure Flame            Conj/Fire      #.......     100%        3    ####...
 Dazzling Spray           Conj/Hex       #.....       100%        3    ####...
 Gell's Gravitas          Tloc           #.........   100%        3    ####...
 Mephitic Cloud           Conj/Pois/Air  #.......     100%        3    ####...
 Regeneration             Chrm/Necr      #.........   100%        3    ####...
 Spectral Weapon          Hex/Chrm       #.......     100%        3    ####...
 Summon Guardian Golem    Hex/Summ       #.......     100%        3    ####...
 Force Lance              Conj/Tloc      #.......     100%        4    #####..
 Fulminant Prism          Conj/Hex       #.........   100%        4    #####..
 Iskenderun's Mystic Bla  Conj           #.......     100%        4    #####..
 Petrify                  Tmut/Erth      #.......     100%        4    #####..
 Summon Ice Beast         Ice/Summ       #.......     100%        4    #####..
 Summon Lightning Spire   Summ/Air       #.......     100%        4    #####..
 Metabolic Englaciation   Hex/Ice        #.........   100%        5    ######.
 Yara's Violent Unravell  Hex/Tmut       #.........   100%        5    ######.


Dungeon Overview and Level Annotations

Branches:
Dungeon (12/15)            Temple (1/1) D:6            Lair (6/6) D:11
 Shoals (0/4) Lair:3       Spider (0/4) Lair:2        Slime (0/5) Lair:5
    Orc (0/2) D:9

Altars:
Ashenzari
Cheibriados
Dithmenos
Elyvilon
Fedhas
Gozag
Hepliaklqana
Kikubaaqudgha
Makhleb
Nemelex Xobeh
Okawaru
Qazlal
Ru
Sif Muna
Trog
Uskayaw
Vehumet
Wu Jian
Xom
Yredelemnul
Zin
The Shining One

Shops:
D:10 }[?=%


Innate Abilities, Weirdness & Mutations

You reflexively headbutt those who attack you in melee.
You have a pair of horns on your head.


Message History

The elephant stops moving altogether!
The elephant is engulfed in calcifying dust.
The death yak gores you.
* * * LOW HITPOINT WARNING * * *
You are engulfed in calcifying dust.
The catoblepas gores you!!
* * * LOW HITPOINT WARNING * * *
The elephant is engulfed in calcifying dust. x2
The death yak gores you but does no damage.
You are engulfed in calcifying dust.
The elephant is no longer petrified.
The catoblepas breathes a plume of calcifying dust at you.
The blast of calcifying dust hits you.
* * * LOW HITPOINT WARNING * * *
The blast of calcifying dust hits the elephant! x2
The elephant is engulfed in calcifying dust. x2
The elephant is moving more slowly.
The elephant tramples you!
* * * LOW HITPOINT WARNING * * *
You hold your ground!
The elephant trunk-slaps you but does no damage.
The death yak gores you!
You die...

# ...P# .... #...##
8... ....#
..8.##...#
#..÷.#..Y# .
#...##YY#
#.#....##Y#
#......#@# ##
.#.....YYY## .###
......÷.YY.# ...###
...###.P..##
.....#######.......#
P.÷.....P....##..###
#........P..######
#######...P## ######


You could see 4 death yaks, a catoblepas and 3 elephants.

Vanquished Creatures
  Fannar (D:10)
  7 hydras
  Harold (D:9)
  Erica (D:10)
  2 death yaks (Lair:6)
  A two-headed ogre (D:12)
  Sonja (D:10)
  An unseen horror (D:12)
  Pikel (D:9)
  An oklob plant (Lair:2)
  2 deep elf magi (D:11)
  3 ugly things (D:11)
  A cyclops (D:11)
  Maurice (D:10)
  4 elephants (Lair:6)
  3 black mambas
  Joseph (D:10)
  4 merfolk sirens (Lair:3)
  8 spiny frogs
  2 rime drakes
  7 komodo dragons
  Grinder (D:3)
  3 polar bears
  2 trolls
  2 hornets
  3 slime creatures (D:11)
  Prince Ribbit (D:7)
  6 dream sheep (Lair:6)
  9 blink frogs
  9 hippogriffs
  A meliai zombie (D:12)
  Sigmund (D:5)
  A redback (Lair:2)
  A shadow (D:12)
  6 basilisks
  28 yaks
  2 wyverns
  Grum (D:10)
  Eustachio (D:4)
  3 vampire mosquitoes (D:12)
  Menkaure (D:6)
  A hungry ghost (D:11)
  A steam dragon (D:12)
  A soldier ant (D:11)
  An acid dragon (D:12)
  13 water moccasins
  Edmund (D:6)
  Duvessa (D:5)
  6 porcupines
  A swamp drake (D:11)
  7 ice beasts
  2 sky beasts
  3 black bears
  6 orc warriors
  2 phantoms (D:6)
  An eye of draining (D:12)
  11 ogres
  8 centaurs
  16 wolves
  19 crocodiles
  A big kobold (D:11)
  19 bullfrogs
  Dowan (D:5)
  2 jellies (D:10)
  6 scorpions
  5 wights
  4 howler monkeys (D:9)
  2 electric eels
  A lava snake (Lair:2)
  4 crimson imps
  3 bullfrog zombies
  9 hounds
  A quasit (D:8)
  3 centaur zombies
  5 orc priests
  15 orc wizards
  Crazy Yiuf (D:7)
  4 bullfrog skeletons
  A centaur skeleton (D:4)
  An iron imp (D:11)
  6 iguanas
  Ijyb (D:3)
  5 worker ants
  3 worker ant zombies
  3 gnolls (D:8)
  6 adders
  4 shadow imps
  A white imp (D:11)
  A worm (D:2)
  4 dart slugs
  6 leopard geckos
  45 orcs
  2 ball pythons
  6 bats
  3 giant cockroaches
  12 hobgoblins
  14 jackals
  11 kobolds
  4 quokkas
  3 frilled lizards
  3 goblins
  A leopard gecko zombie (D:5)
  9 rats
  A butterfly (Lair:5)
  2 fungi
  2 plants
482 creatures vanquished.

Vanquished Creatures (collateral kills)
  A plant (Lair:6)
1 creature vanquished.

Vanquished Creatures (others)
  A slave (D:9)
  2 orcs (D:9)
  4 fungi
  2 plants
9 creatures vanquished.

Grand Total: 492 creatures vanquished

Notes
Turn   | Place    | Note
-------+----------+-------------------------------------------
     0 | D:1      | Peloso the Minotaur Fighter began the quest for the Orb.
     0 | D:1      | Reached XP level 1. HP: 19/19 MP: 0/0
   181 | D:1      | Reached XP level 2. HP: 24/27 MP: 1/1
   744 | D:2      | Reached XP level 3. HP: 31/33 MP: 2/2
   903 | D:2      | Found a shattered altar of Ashenzari.
   912 | D:2      | Reached skill level 3 in Long Blades
  1406 | D:3      | Noticed Grinder
  1407 | D:3      | Reached XP level 4. HP: 41/41 MP: 3/3
  1417 | D:3      | Killed Grinder
  1417 | D:3      | Reached skill level 5 in Long Blades
  1417 | D:3      | Reached skill level 1 in Dodging
  1417 | D:3      | Reached XP level 5. HP: 27/47 MP: 4/4
  1417 | D:3      | Reached XP level 6. HP: 32/55 MP: 5/5
  1610 | D:3      | Noticed Ijyb
  1616 | D:3      | Killed Ijyb
  1616 | D:3      | Reached skill level 5 in Armour
  1837 | D:3      | Found an ancient bone altar of Kikubaaqudgha.
  2150 | D:4      | Noticed Eustachio
  2161 | D:4      | Killed Eustachio
  2161 | D:4      | Reached skill level 5 in Fighting
  2161 | D:4      | Reached skill level 6 in Long Blades
  2264 | D:4      | Reached XP level 7. HP: 32/61 MP: 6/6
  2666 | D:4      | Reached skill level 5 in Shields
  2879 | D:4      | Reached skill level 7 in Long Blades
  3624 | D:5      | Entered Level 5 of the Dungeon
  3643 | D:5      | Noticed a troll
  3650 | D:5      | HP: 3/62 [troll (4)]
  3652 | D:5      | Killed a troll
  3652 | D:5      | Reached XP level 8. HP: 41/70 MP: 7/7
  4157 | D:5      | Noticed Sigmund
  4166 | D:5      | Killed Sigmund
  4205 | D:5      | Noticed Duvessa
  4205 | D:5      | Noticed Dowan
  4229 | D:5      | Killed Duvessa
  4245 | D:5      | Killed Dowan
  4546 | D:5      | Reached skill level 1 in Stealth
  4956 | D:6      | Noticed Menkaure
  4965 | D:6      | Killed Menkaure
  5023 | D:6      | Reached skill level 8 in Long Blades
  5023 | D:6      | Reached XP level 9. HP: 70/78 MP: 8/8
  5036 | D:6      | Noticed Edmund
  5047 | D:6      | Killed Edmund
  5221 | D:6      | Got a pair of bloodstained boots
  5230 | D:6      | Identified the +0 pair of boots of Loss {rElec MP+9} (You
                  | found it on level 6 of the Dungeon)
  5368 | D:6      | Found a shattered altar of Ashenzari.
  5438 | D:6      | Found a staircase to the Ecumenical Temple.
  5550 | Temple   | Entered the Ecumenical Temple
  5916 | D:6      | Reached skill level 9 in Long Blades
  6495 | D:7      | Noticed Prince Ribbit
  6501 | D:7      | Killed Prince Ribbit
  6501 | D:7      | Reached skill level 10 in Long Blades
  6530 | D:7      | Got a heavily runed pewter ring
  6531 | D:7      | Identified the ring of Izozarche {rC+ rN+ Int+2} (You found
                  | it on level 7 of the Dungeon)
  7105 | D:7      | Found a runed translucent door.
  7106 | D:7      | Noticed Crazy Yiuf
  7312 | D:7      | Killed Crazy Yiuf
  7462 | D:8      | Reached XP level 10. HP: 86/86 MP: 9/9
  8253 | D:9      | Reached skill level 11 in Long Blades
  8707 | D:9      | Found a staircase to the Orcish Mines.
  8720 | D:9      | Found an iron altar of Okawaru.
  8726 | D:9      | Found a sparkling altar of Nemelex Xobeh.
  8745 | D:9      | Noticed Harold
  8759 | D:9      | Noticed Pikel
  8764 | D:9      | Killed Harold
  8764 | D:9      | Reached skill level 10 in Armour
  8783 | D:9      | Killed Pikel
  8783 | D:9      | Reached skill level 12 in Long Blades
  9021 | D:9      | Found an opulent altar of Gozag.
  9218 | D:9      | Found a blossoming altar of Fedhas.
  9226 | D:9      | Became a worshipper of Warmaster Okawaru
  9289 | D:10     | Entered Level 10 of the Dungeon
  9315 | D:10     | Noticed Grum
  9318 | D:10     | Noticed Sonja
  9658 | D:10     | Found Emok's Food Emporium.
  9792 | D:10     | Noticed Fannar
  9826 | D:10     | Found Qoh Jieff's Jewellery Shoppe.
  9826 | D:10     | Found Ruda's Magic Scroll Shop.
  9826 | D:10     | Noticed Erica
  9839 | D:10     | Found Guecaur's Gadget Shop.
  9870 | D:10     | Reached XP level 11. HP: 15/94 MP: 10/10
 10046 | D:10     | Killed Fannar
 10046 | D:10     | Reached * piety under Okawaru
 10348 | D:10     | Identified the +1 robe "Laiwusom" {+Blink rPois rC+++ MP-9}
 10373 | D:10     | Reached skill level 10 in Shields
 10719 | D:10     | Found Naem's Armour Shoppe.
 10719 | D:10     | Noticed Maurice
 10749 | D:10     | Killed Maurice
 10782 | D:10     | Noticed Joseph
 10810 | D:10     | Killed Erica
 10816 | D:10     | Killed Joseph
 11322 | D:10     | Bought a cursed ring of teleportation for 58 gold pieces
 11322 | D:10     | Bought a cursed ring of attention for 58 gold pieces
 11335 | D:10     | Bought a scroll of magic mapping for 49 gold pieces
 11335 | D:10     | Bought a scroll of amnesia for 49 gold pieces
 11335 | D:10     | Bought a scroll of identify for 28 gold pieces
 11335 | D:10     | Bought a scroll of identify for 28 gold pieces
 11335 | D:10     | Bought a scroll of identify for 28 gold pieces
 11335 | D:10     | Bought a scroll of identify for 28 gold pieces
 11335 | D:10     | Bought 2 scrolls of magic mapping for 98 gold pieces
 11335 | D:10     | Bought a scroll of random uselessness for 14 gold pieces
 11335 | D:10     | Bought a scroll of immolation for 49 gold pieces
 11369 | D:10     | Reached ** piety under Okawaru
 11635 | D:10     | Killed Sonja
 11984 | D:10     | Killed Grum
 12406 | D:10     | Reached skill level 13 in Long Blades
 12698 | D:11     | Reached *** piety under Okawaru
 12699 | D:11     | Noticed a five-headed hydra
 12712 | D:11     | Killed a one-headed hydra
 12915 | D:11     | Noticed a deep elf mage
 12927 | D:11     | Killed a deep elf mage
 13069 | D:11     | Noticed a deep elf mage
 13081 | D:11     | Killed a deep elf mage
 13081 | D:11     | Reached XP level 12. HP: 105/105 MP: 11/11
 13242 | D:11     | Found a staircase to the Lair.
 13252 | Lair:1   | Entered Level 1 of the Lair of Beasts
 13598 | Lair:1   | Got a slimy scale mail
 13618 | Lair:1   | Got a crude mace
 13631 | Lair:1   | Identified the cursed +1 scale mail "Ryem" {Dex+7} (You
                  | found it on level 1 of the Lair of Beasts)
 13887 | Lair:1   | Reached **** piety under Okawaru
 14108 | Lair:1   | Received a gift from Okawaru
 14459 | Lair:2   | Reached skill level 5 in Dodging
 14609 | Lair:2   | Reached skill level 10 in Fighting
 14649 | Lair:2   | Reached skill level 1 in Evocations
 14685 | Lair:2   | Found a hole to the Spider Nest.
 14697 | Lair:2   | Reached skill level 14 in Long Blades
 15361 | Lair:2   | Noticed an eight-headed hydra
 15376 | Lair:2   | Killed a five-headed hydra
 15376 | Lair:2   | Reached ***** piety under Okawaru
 15898 | Lair:2   | Received a gift from Okawaru
 16393 | Lair:3   | Found a staircase to the Shoals.
 16803 | Lair:4   | Reached XP level 13. HP: 87/116 MP: 12/12
 17842 | Lair:5   | Received a gift from Okawaru
 18128 | Lair:5   | Found a staircase to the Slime Pits.
 19162 | D:11     | Reached ****** piety under Okawaru
 19551 | D:12     | Reached skill level 15 in Long Blades
 20226 | Lair:6   | Entered Level 6 of the Lair of Beasts
 20573 | Lair:6   | Received a gift from Okawaru
 21347 | Lair:6   | Reached XP level 14. HP: 80/126 MP: 13/13
 21708 | Lair:6   | HP: 5/126 [catoblepas/blast of calcifying dust (2)]
 21708 | Lair:6   | HP: 2/126 [elephant (3)]
 21708 | Lair:6   | Mangled by a death yak

Skill      XL: |  1  2  3  4  5  6  7  8  9 10 11 12 13 14 |
---------------+-------------------------------------------+-----
Fighting       | 4 5 6 7 8 9 11 12 | 12.2
Shields        | 4 5 6 7 9 11 12 14 | 14.7
Armour         | 4 5 6 8 9 10 11 12 14 | 14.2
Long Blades    | 3 5 6 7 8 10 12 13 14 15 | 15.4
Dodging        | 1 2 3 4 5 6 |  6.6
Stealth        | 1 2 |  2.0
Evocations     | 1 |  1.0
Invocations    | |  0.2

Action                   |  1- 3 |  4- 6 |  7- 9 | 10-12 | 13-15 || total
-------------------------+-------+-------+-------+-------+-------++-------
Melee: Long sword        |    98 |    52 |   383 |   182 |       ||   715
       Headbutt          |    15 |     9 |    88 |   199 |   144 ||   455
       Scimitar          |       |       |       |   682 |   508 ||  1190
Invok: Heroism           |       |       |       |     2 |       ||     2
Evoke: Wand              |       |       |     6 |     8 |       ||    14
  Use: Potion            |       |     1 |     2 |     4 |     1 ||     8
       Scroll            |       |       |    10 |    12 |     7 ||    29
 Stab: Petrified         |       |       |       |       |     2 ||     2
       Petrifying        |       |       |       |       |     1 ||     1
  Eat: Chunk             |     2 |     2 |    17 |    21 |    10 ||    52
       Ration            |       |       |       |     3 |     2 ||     5
Armor: Scale mail        |    44 |    13 |    59 |     1 |       ||   117
       Chain mail        |       |       |    83 |   344 |   189 ||   616
Dodge: Dodged            |    29 |    11 |   112 |   278 |   241 ||   671
Block: Shield            |    46 |    16 |   201 |   527 |   317 ||  1107
       Rpst.: Long sword |     3 |     5 |    31 |    11 |       ||    50
       Scimitar          |       |       |       |    64 |    55 ||   119
